BSA
PHILADELPHIA ATHLETICS @ EL DORADO OILERS
07/27/2028
 
TOP OF THE 1ST
Niagara Falls Frenzy batting - Pitching for El Dorado Oilers : RHP Francisco Ríos
Pitching: RHP Francisco Ríos
Batting: RHB Kel Pierce 0-0: Foul Ball, location: 2F
0-1: Ball
1-1: Foul Ball, location: 2F
1-2: Ball
2-2: Ground out 5-3 (Groundball, 5)
Batting: RHB Zander Tremblett 0-0: Ball
1-0: Called Strike
1-1: Ball
2-1: Foul Ball, location: 2F
2-2: Foul Ball, location: 2F
2-2: Ball
3-2: Foul Ball, location: 2F
3-2: Foul Ball, location: 2F
3-2: SINGLE (Line Drive, 7S)
Batting: RHB Troy Lau 0-0: Called Strike
0-1: Swinging Strike
0-2: Ball
1-2: Strikes out swinging
Batting: LHB Clyde Yarbrough 0-0: Ball
1-0: Foul Ball, location: 2F
1-1: Called Strike
1-2: Ball
2-2: Ball
3-2: Fly out, F7 (Flyball, 7S)
Top of the 1st over - 0 run(s), 1 hit(s), 0 error(s), 1 left on base; Niagara Falls 0 - El Dorado 0
BOTTOM OF THE 1ST
El Dorado Oilers batting - Pitching for Niagara Falls Frenzy : RHP Albert Gonzáles
Pitching: RHP Albert Gonzáles
Batting: RHB Nick Webb 0-0: Ball
1-0: Ball
2-0: Ball
3-0: Called Strike
3-1: SINGLE (Flyball, 9S)
Batting: LHB Ashley Pickhills 0-0: Ball
1-0: Ball
2-0: Called Strike
2-1: Swinging Strike
2-2: Fly out, F7 (Flyball, 7LM)
Batting: LHB Tony Abete 0-0: Swinging Strike
0-1: Called Strike
Nick Webb steals 2nd base
0-2: Foul Ball, location: 2F
0-2: Ball
1-2: Fly out, F7 (Flyball, 7S)
Batting: RHB Valentín Borges 0-0: Ball
1-0: Called Strike
1-1: Swinging Strike
1-2: Strikes out swinging
Bottom of the 1st over - 0 run(s), 1 hit(s), 0 error(s), 1 left on base; Niagara Falls 0 - El Dorado 0
TOP OF THE 2ND
Niagara Falls Frenzy batting - Pitching for El Dorado Oilers : RHP Francisco Ríos
Batting: RHB Anastasio Villa 0-0: Foul Ball, location: 2F
0-1: SINGLE (Groundball, 56D)
Batting: LHB Yasuhiko Onodera 0-0: Foul Ball, location: 2F
0-1: Ball
1-1: Ball
2-1: Foul Ball, location: 2F
2-2: Ball
3-2: Foul Ball, location: 2F
3-2: Foul Ball, location: 2F
3-2: Ground out 3-1 (Groundball, 34)
Anastasio Villa to second
Batting: SHB Héctor Padilla 0-0: DOUBLE (Flyball, 78D)
Anastasio Villa scores
Batting: RHB Luther Stoffels 0-0: Ball
1-0: Ground out 4-3 (Groundball, 4M)
Héctor Padilla to third
Batting: RHB Tomás Estrada 0-0: Ball
1-0: Swinging Strike
1-1: Foul Ball, location: 2F
1-2: SINGLE (Line Drive, 34D)
Héctor Padilla scores
Batting: RHB Kel Pierce 0-0: Fly out, F7 (Line Drive, 78S)
Top of the 2nd over - 2 run(s), 3 hit(s), 0 error(s), 1 left on base; Niagara Falls 2 - El Dorado 0
BOTTOM OF THE 2ND
El Dorado Oilers batting - Pitching for Niagara Falls Frenzy : RHP Albert Gonzáles
Batting: LHB José Hernández 0-0: Ball
1-0: Swinging Strike
1-1: Fly out, F9 (Flyball, 9)
Batting: RHB Sixto Vélez 0-0: Called Strike
0-1: Ball
1-1: Foul Ball, location: 2F
1-2: Ball
2-2: Foul Ball, location: 2F
2-2: Ground out 6-3 (Groundball, 6)
Batting: RHB Chris Parker 0-0: Swinging Strike
0-1: Ball
1-1: Swinging Strike
1-2: Strikes out swinging
Bottom of the 2nd over - 0 run(s), 0 hit(s), 0 error(s), 0 left on base; Niagara Falls 2 - El Dorado 0
TOP OF THE 3RD
Niagara Falls Frenzy batting - Pitching for El Dorado Oilers : RHP Francisco Ríos
Batting: RHB Zander Tremblett 0-0: Ball
1-0: Ball
2-0: DOUBLE (Flyball, 9D)
Batting: RHB Troy Lau 0-0: Fly out, F8 (Flyball, 8LXD)
Runner from 2nd tags up, SAFE at 3rd, no throw
Batting: LHB Clyde Yarbrough 0-0: Ball
1-0: Called Strike
1-1: Ball
2-1: Ball
3-1: SINGLE (Line Drive, 89S)
Zander Tremblett scores
Batting: RHB Anastasio Villa 0-0: Ball
Throwing error on steal attempt, E2
Clyde Yarbrough to third
1-0: Called Strike
1-1: Called Strike
1-2: Ball
2-2: Ball
3-2: Fly out, F9 (Flyball, 9LM)
Runner from 3rd tags up, OUT at HOME
Top of the 3rd over - 1 run(s), 2 hit(s), 1 error(s), 0 left on base; Niagara Falls 3 - El Dorado 0
BOTTOM OF THE 3RD
El Dorado Oilers batting - Pitching for Niagara Falls Frenzy : RHP Albert Gonzáles
Batting: LHB José Martínez 0-0: Fly out, F7 (Flyball, 7D)
Batting: RHB José Carlos Caraballo 0-0: Called Strike
0-1: Fly out, F9 (Flyball, 9)
Batting: RHB Nick Webb 0-0: Called Strike
0-1: Ground out 1-3 (Groundball, P)
Bottom of the 3rd over - 0 run(s), 0 hit(s), 0 error(s), 0 left on base; Niagara Falls 3 - El Dorado 0
TOP OF THE 4TH
Niagara Falls Frenzy batting - Pitching for El Dorado Oilers : RHP Francisco Ríos
Batting: LHB Yasuhiko Onodera 0-0: Reached on error, E6 (Groundball, 6)
Batting: SHB Héctor Padilla 0-0: Called Strike
0-1: Swinging Strike
0-2: Foul Ball, location: 2F
0-2: Ball
1-2: Ball
Balk!
Yasuhiko Onodera to second
2-2: Strikes out swinging
Batting: RHB Luther Stoffels 0-0: Ball
1-0: Called Strike
1-1: Ball
2-1: Foul Ball, location: 2F
2-2: Foul Ball, location: 2F
2-2: SINGLE (Line Drive, 8LS)
Yasuhiko Onodera to third
Runner from 3rd tries for Home, SAFE, throw made home
Luther Stoffels to second
Batting: RHB Tomás Estrada 0-0: Swinging Strike
0-1: Ball
1-1: Ball
2-1: Ground out 4-3 (Groundball, 4)
Luther Stoffels to third
Batting: RHB Kel Pierce 0-0: Ball
1-0: Called Strike
1-1: Foul Ball, location: 2F
1-2: Ball
2-2: Strikes out swinging
Top of the 4th over - 1 run(s), 1 hit(s), 1 error(s), 1 left on base; Niagara Falls 4 - El Dorado 0
BOTTOM OF THE 4TH
El Dorado Oilers batting - Pitching for Niagara Falls Frenzy : RHP Albert Gonzáles
Batting: LHB Ashley Pickhills 0-0: Ball
1-0: Ball
2-0: Reached on error, E7 (Flyball, 7S)
Batting: LHB Tony Abete 0-0: DOUBLE (Line Drive, 7LS)
Ashley Pickhills to third
Batting: RHB Valentín Borges 0-0: Ball
1-0: Ball
2-0: Swinging Strike
2-1: DOUBLE (Flyball, 8LD)
Ashley Pickhills scores
Tony Abete scores
Batting: LHB José Hernández 0-0: Ball
1-0: Foul Ball, location: 2F
1-1: Ball
2-1: Ground out 4-3 (Groundball, 34)
Valentín Borges to third
Batting: RHB Sixto Vélez 0-0: Ball
1-0: Foul Ball, location: 2F
1-1: Called Strike
1-2: Ball
2-2: Strikes out swinging
Batting: RHB Chris Parker 0-0: Called Strike
0-1: Ball
1-1: Ball
2-1: Ball
3-1: Called Strike
3-2: Base on Balls
Batting: LHB José Martínez 0-0: Ball
1-0: Fielders Choice at 2nd, 4-6 (Groundball, 4)
Bottom of the 4th over - 2 run(s), 2 hit(s), 1 error(s), 1 left on base; Niagara Falls 4 - El Dorado 2
TOP OF THE 5TH
Niagara Falls Frenzy batting - Pitching for El Dorado Oilers : RHP Francisco Ríos
Batting: RHB Zander Tremblett 0-0: Ball
1-0: Called Strike
1-1: SINGLE (Groundball, 4MD)
Pitching: RHP Pete Cook
Batting: RHB Troy Lau 0-0: Foul Ball, location: 2F
0-1: Foul Ball, location: 2F
0-2: Ball
1-2: Ball
2-2: Foul Ball, location: 2F
2-2: Strikes out swinging
Batting: LHB Clyde Yarbrough 0-0: Ground out 6-3 (Groundball, 6S)
Zander Tremblett to second
Batting: RHB Anastasio Villa 0-0: Ball
1-0: Swinging Strike
1-1: Swinging Strike
1-2: Ball
2-2: Foul Ball, location: 2F
2-2: Strikes out swinging
Top of the 5th over - 0 run(s), 1 hit(s), 0 error(s), 1 left on base; Niagara Falls 4 - El Dorado 2
BOTTOM OF THE 5TH
El Dorado Oilers batting - Pitching for Niagara Falls Frenzy : RHP Albert Gonzáles
Batting: RHB José Carlos Caraballo 0-0: Ball
1-0: Foul Ball, location: 2F
1-1: Swinging Strike
1-2: Ball
2-2: SINGLE (Groundball, 6M) (infield hit)
Batting: RHB Nick Webb 0-0: SINGLE (Line Drive, 6D)
José Carlos Caraballo to second
Batting: LHB Ashley Pickhills Balk!
José Carlos Caraballo to third
Nick Webb to second
0-0: Ground out U3 (Groundball, 34)
José Carlos Caraballo scores
Nick Webb to third
Batting: LHB Tony Abete 0-0: DOUBLE (Line Drive, 78XD)
Nick Webb scores
Batting: RHB Valentín Borges 0-0: Ball
1-0: Ball
2-0: Called Strike
2-1: SINGLE (Line Drive, 56)
Tony Abete to third
Runner from 3rd tries for Home, SAFE, no throw
Batting: LHB José Hernández 0-0: Swinging Strike
0-1: Called Strike
0-2: DOUBLE (Flyball, 9LM)
Valentín Borges to third
Batting: RHB Sixto Vélez 0-0: Ball
1-0: Ball
2-0: Foul Ball, location: 2F
2-1: Foul Ball, location: 2F
2-2: Strikes out swinging
Batting: RHB Chris Parker 0-0: Ball
1-0: 3-RUN HOME RUN (Flyball, 7LD), Distance : 370 ft
Batting: LHB José Martínez 0-0: Called Strike
0-1: Foul Ball, location: 2F
0-2: Ball
1-2: Ball
2-2: Strikes out swinging
Bottom of the 5th over - 6 run(s), 6 hit(s), 0 error(s), 0 left on base; Niagara Falls 4 - El Dorado 8
TOP OF THE 6TH
Niagara Falls Frenzy batting - Pitching for El Dorado Oilers : RHP Pete Cook
Batting: LHB Yasuhiko Onodera 0-0: Ball
1-0: Ball
2-0: Called Strike
2-1: SINGLE (Groundball, 25) (infield hit)
Batting: SHB Héctor Padilla 0-0: Foul Ball, location: 2F
0-1: Ball
1-1: Ball
2-1: Foul Ball, location: 2F
2-2: Foul Ball, location: 2F
2-2: SINGLE (Line Drive, 56D)
Yasuhiko Onodera to second
Batting: RHB Luther Stoffels 0-0: Ball
1-0: Called Strike
1-1: Swinging Strike
1-2: Grounds into double play, 5-4-3 (Groundball, 56)
Yasuhiko Onodera to third
Batting: RHB Tomás Estrada 0-0: Ball
1-0: Ball
2-0: Ball
3-0: Base on Balls
Batting: RHB Kel Pierce 0-0: Foul Ball, location: 2F
0-1: Called Strike
0-2: Ground out 4-3 (Groundball, 4M)
Top of the 6th over - 0 run(s), 2 hit(s), 0 error(s), 2 left on base; Niagara Falls 4 - El Dorado 8
BOTTOM OF THE 6TH
El Dorado Oilers batting - Pitching for Niagara Falls Frenzy : RHP Albert Gonzáles
Pitching: RHP Nathan Thornton
Batting: RHB José Carlos Caraballo 0-0: Ball
1-0: DOUBLE (Line Drive, 8RD)
Batting: RHB Nick Webb 0-0: Called Strike
0-1: SINGLE (Line Drive, 4MD)
José Carlos Caraballo to third
Batting: LHB Ashley Pickhills 0-0: Called Strike
0-1: SINGLE (Flyball, 7S)
José Carlos Caraballo scores
Nick Webb to second
Batting: LHB Tony Abete 0-0: Called Strike
0-1: Ball
1-1: Foul Ball, location: 2F
1-2: Strikes out swinging
Batting: RHB Valentín Borges 0-0: Ball
1-0: 3-RUN HOME RUN (Flyball, 89XD), Distance : 405 ft
Pitching: RHP Jesse Green
Batting: LHB José Hernández 0-0: Called Strike
0-1: Called Strike
0-2: Foul Ball, location: 2F
0-2: Ball
1-2: Foul Ball, location: 2F
1-2: Strikes out swinging
Batting: RHB Sixto Vélez 0-0: Ball
1-0: Ground out 6-3 (Groundball, 6)
Bottom of the 6th over - 4 run(s), 4 hit(s), 0 error(s), 0 left on base; Niagara Falls 4 - El Dorado 12
TOP OF THE 7TH
Niagara Falls Frenzy batting - Pitching for El Dorado Oilers : RHP Pete Cook
Batting: RHB Zander Tremblett 0-0: Called Strike
0-1: Swinging Strike
0-2: Ball
1-2: Foul Ball, location: 2F
1-2: Ball
2-2: Ball
3-2: Base on Balls
Batting: RHB Troy Lau 0-0: Ball
1-0: Fly out, F9 (Flyball, 9S)
Batting: LHB Clyde Yarbrough 0-0: Called Strike
0-1: SINGLE (Line Drive, 7S)
Zander Tremblett to second
Batting: RHB Anastasio Villa 0-0: 3-RUN HOME RUN (Flyball, 8LD), Distance : 423 ft
Pitching: RHP César López
Batting: LHB Yasuhiko Onodera 0-0: Called Strike
0-1: Ball
1-1: Swinging Strike
1-2: Ball
2-2: Strikes out swinging
Batting: SHB Héctor Padilla 0-0: Ball
1-0: Ground out U3 (Groundball, 34)
Top of the 7th over - 3 run(s), 2 hit(s), 0 error(s), 0 left on base; Niagara Falls 7 - El Dorado 12
BOTTOM OF THE 7TH
El Dorado Oilers batting - Pitching for Niagara Falls Frenzy : RHP Jesse Green
Batting: RHB Chris Parker 0-0: Ball
1-0: Fly out, F9 (Flyball, 89D)
Batting: LHB José Martínez 0-0: Ball
1-0: Ball
2-0: Ball
3-0: Ground out U3 (Groundball, 3)
Batting: RHB José Carlos Caraballo 0-0: Ball
1-0: Called Strike
1-1: SINGLE (Groundball, 56D)
Batting: RHB Nick Webb 0-0: Ground out U3 (Groundball, 3)
Bottom of the 7th over - 0 run(s), 1 hit(s), 0 error(s), 1 left on base; Niagara Falls 7 - El Dorado 12
TOP OF THE 8TH
Niagara Falls Frenzy batting - Pitching for El Dorado Oilers : RHP César López
Batting: RHB Luther Stoffels 0-0: Ball
1-0: Ground out 5-3 (Groundball, 5L)
Batting: RHB Tomás Estrada 0-0: Ball
1-0: Called Strike
1-1: Fly out, F4 (Line Drive, 4M)
Batting: RHB Kel Pierce 0-0: Called Strike
0-1: Ball
1-1: SINGLE (Groundball, 6MD)
Batting: RHB Zander Tremblett 0-0: Fly out, F7 (Line Drive, 7)
Top of the 8th over - 0 run(s), 1 hit(s), 0 error(s), 1 left on base; Niagara Falls 7 - El Dorado 12
BOTTOM OF THE 8TH
El Dorado Oilers batting - Pitching for Niagara Falls Frenzy : RHP Jesse Green
Batting: LHB Ashley Pickhills 0-0: Called Strike
0-1: Ball
1-1: Called Strike
1-2: Ground out 4-3 (Groundball, 34)
Batting: LHB Tony Abete 0-0: Ball
1-0: Called Strike
1-1: Swinging Strike
1-2: Strikes out swinging
Batting: RHB Valentín Borges 0-0: Foul Ball, location: 2F
0-1: Ball
1-1: Ball
2-1: Ball
3-1: Called Strike
3-2: Strikes out swinging
Bottom of the 8th over - 0 run(s), 0 hit(s), 0 error(s), 0 left on base; Niagara Falls 7 - El Dorado 12
TOP OF THE 9TH
Niagara Falls Frenzy batting - Pitching for El Dorado Oilers : RHP César López
Batting: RHB Troy Lau 0-0: Ground out 6-3 (Groundball, 6)
Batting: LHB Clyde Yarbrough 0-0: Foul Ball, location: 2F
0-1: Ball
1-1: Swinging Strike
1-2: Foul Ball, location: 2F
1-2: Foul Ball, location: 2F
1-2: Foul Ball, location: 2F
1-2: SINGLE (Line Drive, 56)
Batting: RHB Anastasio Villa 0-0: Called Strike
0-1: Called Strike
0-2: Ground out 5-3 (Groundball, 5S)
Clyde Yarbrough to second
Batting: LHB Yasuhiko Onodera 0-0: Ground out U3 (Groundball, 3L)
Top of the 9th over - 0 run(s), 1 hit(s), 0 error(s), 1 left on base; Niagara Falls 7 - El Dorado 12
Tuesday, August 8th, 2017 - OOTP Baseball 17.12 Build 75